 Dungeon Crawl Stone Soup version 0.32-a0-120-gfac0567ad4 (webtiles) character file.

Game seed: 13353074963152899801

1365 cforsyth the Trooper (level 8, 0/65 HPs)
             Began as a Djinni Warper on Feb 7, 2024.
             Slain by a steam dragon (7 damage)
             ... on level 6 of the Dungeon.
             The game lasted 00:10:13 (6138 turns).

cforsyth the Trooper (Djinni Warper)                Turns: 6138, Time: 00:10:13

Health: 0/65       AC:  7    Str: 10    XL:     8   Next: 97%
Gold:   960        EV: 11    Int: 17    God:
                   SH:  0    Dex: 13

rFire   + + .        a - +2 short sword (venom)
rCold   . . .        (no shield)
rNeg    . . .        b - +0 leather armour
rPois   ∞            w - +1 helmet
rElec   .            (no cloak)
rCorr   .            F - +1 Delatra's gloves {ID++}
SInv    +            (boots unavailable)
Will    .....        E - amulet of the acrobat
Stlth   +            v - ring of see invisible
HPRegen 0.30/turn    C - ring of protection from cold
MPRegen 0.00/turn

%: acrobat, infuse magic (-1 HP)
@: flying
A: sickness immunity, fire resistance 2, cold vulnerability 1, float, innate
caster, HP casting, extra vitality 1
a: no special abilities


You were on level 6 of the Dungeon.
You visited 1 branch of the dungeon, and saw 6 of its levels.

You collected 960 gold pieces.


Innate Abilities, Weirdness & Mutations

You are immune to sickness and miasma.
You are immune to poison.
Your flesh is very heat resistant. (rF++)
You are vulnerable to cold. (rC-)
You float through the air rather than walking.
You learn spells naturally, not from books.
Your magical power is your life essence.
You have superior vitality. (+4 MHP)


   Skills:
 + Level 7.7 Fighting
 - Level 1.7 Long Blades
 - Level 0.7 Throwing
 - Level 1.0 Armour
 - Level 2.1 Dodging
 + Level 6.2 Spellcasting
 + Level 6.2 Conjurations
 + Level 6.2 Hexes
 + Level 6.2 Summonings
 + Level 6.2 Necromancy
 + Level 6.2 Translocations
 + Level 6.2 Fire Magic
 + Level 6.2 Ice Magic
 + Level 6.2 Air Magic
 + Level 6.2 Earth Magic
 + Level 6.2 Alchemy


You knew the following spells:

 Your Spells              Type           Power      Damage    Failure   Level
d - Magic Dart            Conj           100%       1d8       1%          1
l - Lesser Beckoning      Tloc           52%        N/A       1%          2
m - Manifold Assault      Tloc           26%        N/A       13%         4
t - Teleport Other        Tloc           26%        N/A       3%          3
v - Vampiric Draining     Necr           26%        2d7       3%          3
B - Blink                 Tloc           52%        N/A       1%          2
X - Vhi's Electric Charg  Tloc/Air       52%        N/A       13%         4
Y - Jinxbite              Hex            52%        N/A       1%          2
Your spell library was empty.

Inventory:

Hand Weapons
 a - a +2 short sword of venom (weapon)
 h - a +0 falchion of freezing
 p - the +2 long sword "Byssiute" {speed, *Corrode Int+3 SInv}
   (You found it on level 2 of the Dungeon)

   Int+3:     It affects your intelligence (+3).
   SInv:      It lets you see invisible.
   *Corrode:  It may corrode you when you take damage.
Missiles
 d - 5 darts of dispersal {=f=f}
 D - 3 poisoned darts
Armour
 b - a +0 leather armour (worn)
 f - a scarf of shadows
 w - a +1 helmet (worn)
 F - the +1 Delatra's gloves (worn) {ID++}
   (You found it on level 5 of the Dungeon)

   ID++:      It heals its wearer when they drink unknown potions, and restores
   their MP when they read unknown scrolls.
Jewellery
 c - a ring of ice
 v - a ring of see invisible (left hand)
 C - a ring of protection from cold (right hand)
 E - an amulet of the acrobat (around neck)
 R - a ring of resist corrosion
Wands
 n - a wand of flame (25)
 t - a wand of digging (5)
Scrolls
 g - 2 scrolls of poison
 y - 3 scrolls of teleportation {@r2@r2}
 G - a scroll of fear
Potions
 i - 2 potions of enlightenment {unknown}
 o - a potion of might {unknown}
 q - 4 potions of attraction
 r - 5 potions of curing {@q1@q1}
 x - 2 potions of magic {unknown}
 z - 2 potions of ambrosia {unknown}
 B - a potion of brilliance {unknown}

Dungeon Overview and Level Annotations

Branches:
Dungeon (6/15)             Temple (0/1) D:5

Altars:
Ashenzari
Elyvilon
Gozag
Makhleb
Trog
Yredelemnul
Zin

Shops:
D:2

[ #... ##§........
####.......###.......
#....#...#...........
#.####...#..###.<....
######.####.....######..#.
#.........>#.........†....
#..........#....)..)...###
#.......§.§........))<.#
#.......D@§§#..........#
######.####.#..:.......#
#.# .#..........# #.#
##..........# #.#
..........# #D#
..........# #...#
###.##..### ##..# .. #..
...#


You could see a steam dragon (poisoned, catching breath).


Message History

The water moccasin is almost dead.
The helpless water moccasin fails to defend itself.
You hit the water moccasin.
The water moccasin is almost dead.
The helpless water moccasin fails to defend itself.
You hit the water moccasin.
You kill the water moccasin!
Aiming: Paralyse
Press: ? - help, Shift-Dir - straight line, f - steam dragon
Aim: a steam dragon (heavily wounded, very poisoned, chance to affect: 49%)
The steam dragon resists with some effort.
The now-empty wand crumbles to dust.
Aiming: Dig
Press: ? - help, Shift-Dir - straight line, f - you, p - steam dragon Please select a direction to dig.
Okay, then.
Unknown command.
You closely miss the steam dragon.
The steam dragon is heavily wounded.
The steam dragon breathes steam at you. The ball of steam hits you! You resist.
* * * LOW HITPOINT WARNING * * *
You hit the steam dragon but do no damage.
The steam dragon is heavily wounded.
The steam dragon bites you but does no damage.
The steam dragon barely misses you.
You closely miss the steam dragon. You punch the steam dragon.
The steam dragon is severely wounded.
The steam dragon bites you!
You die...

Skill      XL: |  1  2  3  4  5  6  7  8 |
---------------+-------------------------+-----
Spellcasting   | 3 4 5 6 |  6.2
Conjurations   | 3 4 5 6 |  6.2
Hexes          | 3 4 5 6 |  6.2
Summonings     | 3 4 5 6 |  6.2
Necromancy     | 3 4 5 6 |  6.2
Translocations | 3 4 5 6 |  6.2
Fire Magic     | 3 4 5 6 |  6.2
Ice Magic      | 3 4 5 6 |  6.2
Air Magic      | 3 4 5 6 |  6.2
Earth Magic    | 3 4 5 6 |  6.2
Alchemy        | 3 4 5 6 |  6.2
Fighting       | 3 4 5 6 7 |  7.7
Long Blades    | |  1.7
Throwing       | |  0.7
Armour         | |  1.0
Dodging        | |  2.1

Action                     |  1- 3 |  4- 6 |  7- 9 || total
---------------------------+-------+-------+-------++-------
  Melee: Falchion          |    17 |       |       ||    17
         Short sword       |    64 |   140 |   135 ||   339
         Punch             |     2 |    11 |     8 ||    21
  Throw: Dart              |     2 |       |       ||     2
   Cast: Magic Dart        |    10 |    26 |   122 ||   158
         Blink             |       |       |     3 ||     3
         Teleport Other    |       |       |     3 ||     3
  Evoke: Wand              |       |       |     6 ||     6
    Use: Scroll            |       |       |    14 ||    14
   Stab: Sleeping          |     1 |       |       ||     1
         Paralysed         |       |       |    22 ||    22
 Armour: Leather armour    |    47 |    94 |    96 ||   237
  Dodge: Dodged            |    58 |    74 |    78 ||   210

Levels and vault maps discovered:
D:1:      minmay_arrival_five_plusses, layout_basic
D:2:      minmay_evil_eye, layout_basic, serial_shops, shop_statue, basic_altar
D:3:      layout_basic, grunt_temple_overflow_order_and_chaos_2,
          trog_three_pillars_becter
D:4:      kennysheep_spiral_hall, layout_loops_ring, evilmike_ruin_ashenzari,
          nicolae_overflow_two_pavilions
D:5:      layout_loops_ring, minmay_temple_entry_arrows,
          pf_guarded_unrand_delatra
D:6:      lemuel_ice_spiral_2, layout_rooms, portal_sewer_entry_c

Notes
Turn   | Place    | Note
-------+----------+-------------------------------------------
     0 | D:1      | cforsyth the Djinni Warper began the quest for the Orb.
     0 | D:1      | cforsyth set off with the following spells memorised:
                  | Blink, Lesser Beckoning, Teleport Other, Manifold Assault,
                  | Vhi's Electric Charge.
     0 | D:1      | Reached XP level 1. HP: 18/18 MP: 0/0
    33 | D:1      | Reached skill level 3 in Spellcasting
    33 | D:1      | Reached skill level 3 in Conjurations
    33 | D:1      | Reached skill level 3 in Hexes
    33 | D:1      | Reached skill level 3 in Summonings
    33 | D:1      | Reached skill level 3 in Necromancy
    33 | D:1      | Reached skill level 3 in Translocations
    33 | D:1      | Reached skill level 3 in Fire Magic
    33 | D:1      | Reached skill level 3 in Ice Magic
    33 | D:1      | Reached skill level 3 in Air Magic
    33 | D:1      | Reached skill level 3 in Earth Magic
    33 | D:1      | Reached skill level 3 in Alchemy
    82 | D:1      | Reached XP level 2. HP: 21/23 MP: 0/0
   363 | D:1      | Reached XP level 3. HP: 26/29 MP: 0/0
   363 | D:1      | Learned a level 1 spell: Magic Dart
   622 | D:1      | Reached skill level 3 in Fighting
   999 | D:2      | Reached XP level 4. HP: 35/35 MP: 0/0
  1051 | D:2      | Found a white marble altar of Elyvilon.
  1167 | D:2      | Found Ihiar's Antique Armour Emporium.
  1425 | D:2      | Identified the +2 long sword "Byssiute" {speed, *Corrode
                  | Int+3 SInv}
  1939 | D:3      | Reached XP level 5. HP: 38/40 MP: 0/0
  1939 | D:3      | Learned a level 2 spell: Jinxbite
  2097 | D:3      | Found a bloodstained altar of Trog.
  2426 | D:3      | Found a burning altar of Makhleb.
  2426 | D:3      | Found a glowing silver altar of Zin.
  2427 | D:3      | Noticed an angel
  2427 | D:3      | Noticed a cacodemon
  2655 | D:4      | Noticed a phantom
  2686 | D:4      | Killed a phantom
  2687 | D:4      | Reached skill level 4 in Fighting
  2687 | D:4      | Reached skill level 4 in Spellcasting
  2687 | D:4      | Reached skill level 4 in Conjurations
  2687 | D:4      | Reached skill level 4 in Hexes
  2687 | D:4      | Reached skill level 4 in Summonings
  2687 | D:4      | Reached skill level 4 in Necromancy
  2687 | D:4      | Reached skill level 4 in Translocations
  2687 | D:4      | Reached skill level 4 in Fire Magic
  2687 | D:4      | Reached skill level 4 in Ice Magic
  2687 | D:4      | Reached skill level 4 in Air Magic
  2687 | D:4      | Reached skill level 4 in Earth Magic
  2687 | D:4      | Reached skill level 4 in Alchemy
  2806 | D:4      | Reached XP level 6. HP: 33/48 MP: 0/0
  2889 | D:4      | Noticed a sky beast
  2902 | D:4      | Killed a sky beast
  3063 | D:4      | Found a basalt altar of Yredelemnul.
  3063 | D:4      | Found an opulent altar of Gozag.
  3219 | D:4      | Found a broken altar of Ashenzari.
  3308 | D:4      | Reached skill level 5 in Fighting
  3402 | D:4      | Reached XP level 7. HP: 40/54 MP: 0/0
  3402 | D:4      | Learned a level 3 spell: Vampiric Draining
  3871 | D:5      | Entered Level 5 of the Dungeon
  4000 | D:5      | Reached skill level 5 in Spellcasting
  4000 | D:5      | Reached skill level 5 in Conjurations
  4000 | D:5      | Reached skill level 5 in Hexes
  4000 | D:5      | Reached skill level 5 in Summonings
  4000 | D:5      | Reached skill level 5 in Necromancy
  4000 | D:5      | Reached skill level 5 in Translocations
  4000 | D:5      | Reached skill level 5 in Fire Magic
  4000 | D:5      | Reached skill level 5 in Ice Magic
  4000 | D:5      | Reached skill level 5 in Air Magic
  4000 | D:5      | Reached skill level 5 in Earth Magic
  4000 | D:5      | Reached skill level 5 in Alchemy
  4271 | D:5      | Found a staircase to the Ecumenical Temple.
  4327 | D:5      | Reached skill level 6 in Fighting
  4790 | D:5      | Reached XP level 8. HP: 59/62 MP: 0/0
  4915 | D:5      | Found the +1 Delatra's gloves {ID++}
  5523 | D:5      | Reached skill level 7 in Fighting
  6058 | D:6      | Reached skill level 6 in Spellcasting
  6058 | D:6      | Reached skill level 6 in Conjurations
  6058 | D:6      | Reached skill level 6 in Hexes
  6058 | D:6      | Reached skill level 6 in Summonings
  6058 | D:6      | Reached skill level 6 in Necromancy
  6058 | D:6      | Reached skill level 6 in Translocations
  6058 | D:6      | Reached skill level 6 in Fire Magic
  6058 | D:6      | Reached skill level 6 in Ice Magic
  6058 | D:6      | Reached skill level 6 in Air Magic
  6058 | D:6      | Reached skill level 6 in Earth Magic
  6058 | D:6      | Reached skill level 6 in Alchemy
  6077 | D:6      | Identified a scroll of acquirement
  6077 | D:6      | Acquired 739 gold pieces
  6136 | D:6      | HP: 6/65 [steam dragon/ball of steam (7)]
  6138 | D:6      | Slain by a steam dragon

Vanquished Creatures
  2 water moccasins (D:6)
  An orc warrior (D:5)
  A black bear (D:5)
  2 sky beasts
  2 ogres
  A phantom (D:4)
  A hound (D:4)
  A bombardier beetle (D:4)
  A gnoll bouda (D:4)
  4 iguanas
  4 orc wizards
  4 adders
  8 gnolls
  A shadow imp (D:5)
  A white imp (D:5)
  3 dart slugs
  2 ribbon worms (D:2)
  25 orcs
  4 bats (D:1)
  7 endoplasms
  4 giant cockroaches
  14 goblins
  5 hobgoblins
  4 jackals (D:3)
  8 kobolds
  3 quokkas
  9 ball pythons
  A frilled lizard (D:1)
  3 rats (D:1)
126 creatures vanquished.

Table legend: (Time is in decaauts)
 A = Elapsed time spent in this place.
 B = Non-inter-level travel time spent in this place.
 C = Inter-level travel time spent in this place.
 D = Time resting spent in this place.
 E = Time spent auto-exploring this place.
 F = Levels seen in this place.
 G = Mean time per level.
                   A        B        C        D        E       F      G
               +--------+--------+--------+--------+--------+-----+--------+
         Total |   6127 |   5884 |    243 |    442 |   4311 |   6 | 1021.2 |
       Dungeon |   6127 |   5884 |    243 |    442 |   4311 |   6 | 1021.2 |
               +--------+--------+--------+--------+--------+-----+--------+

Top non-repeatable levels by time:
     D:4: 1791 daAuts
     D:5: 1666 daAuts
     D:1: 982 daAuts
     D:3: 798 daAuts
     D:2: 771 daAuts
     D:6: 117 daAuts

Table legend:
 A = Non-vault XP
 B = Vault XP
 C = Vault XP percentage of total XP
 D = Non-vault monster count
 E = Vault monster count
 F = Vault count percentage of total count
                 A         B        C        D         E       F
            +---------+---------+-------+---------+---------+-------
      Total |    1650 |     300 |  15.4 |     107 |      19 |  15.1
            +---------+---------+-------+---------+---------+-------
        D:1 |      65 |       0 |   0.0 |      35 |       0 |   0.0
        D:2 |      29 |      20 |  40.8 |      13 |       5 |  27.8
        D:3 |      36 |       0 |   0.0 |      15 |       0 |   0.0
        D:4 |     580 |     123 |  17.5 |      19 |       6 |  24.0
        D:5 |     507 |     157 |  23.6 |      18 |       8 |  30.8
        D:6 |     433 |       0 |   0.0 |       7 |       0 |   0.0
            +---------+---------+-------+---------+---------+-------
